 Dungeon Crawl Stone Soup version 0.23.2-30-g0e89c35649 (webtiles) character file.

Game seed: 6012469335908052620

68 Matador8 the Conjurer (level 4, -7/33 HPs)
             Began as a Draconian Conjurer on June 17, 2019.
             Was an Initiate of Nemelex Xobeh.
             Killed by divine providence
             ... invoked by an orc priest
              (16 damage)
             ... on level 3 of the Dungeon.
             The game lasted 00:12:40 (1793 turns).

Matador8 the Conjurer (Draconian Conjurer)          Turns: 1793, Time: 00:12:41

Health: -7/33      AC:  5    Str: 11    XL:     4   Next: 1%
Magic:  2/8        EV: 12    Int: 16    God:    Nemelex Xobeh [......]
Gold:   81         SH:  0    Dex: 11    Spells: 5/9 levels left

rFire    . . .     SeeInvis .   (no weapon)
rCold    . . .     Gourm    .   (no shield)
rNeg     . . .     Faith    .   (armour unavailable)
rPois    .         Spirit   .   (helmet restricted)
rElec    .         Reflect  .   (no cloak)
rCorr    .         Harm     .   (no gloves)
MR       .....                  (no boots)
Stlth    ++........             (no amulet)
HPRegen  0.11/turn              (no ring)
MPRegen  0.11/turn              (no ring)

@: no status effects
A: unfitting armour, cold-blooded, AC +5
a: Draw Escape, Draw Destruction, Draw Summoning, Renounce Religion


You were on level 3 of the Dungeon.
You worshipped Nemelex Xobeh.
Nemelex Xobeh was noncommittal.
You were not hungry.

You visited 1 branch of the dungeon, and saw 3 of its levels.

You collected 81 gold pieces.

Inventory:

Hand Weapons
 e - a +0 short sword
Missiles
 i - 33 poisoned needles (quivered)
Jewellery
 a - a +3 ring of evasion {unknown}
 j - an uncursed ring of protection from fire {unknown}
 l - an uncursed ring of ice {unknown}
Scrolls
 d - 6 scrolls of remove curse {unknown}
 f - a scroll of teleportation {unknown}
 g - 4 scrolls of identify {unknown}
 h - a scroll of magic mapping {unknown}
Potions
 k - a potion of curing {unknown}
Comestibles
 b - 6 rations
 c - a chunk of flesh


   Skills:
 - Level 1.7 Dodging
 - Level 2.1 Stealth
 + Level 3.0 Spellcasting
 + Level 4.7 Conjurations
 * Level 0.5 Invocations


You had 5 spell levels left.
You knew the following spells:

 Your Spells              Type           Power        Failure   Level  Hunger
a - Magic Dart            Conj           ###.         2%          1    #......
b - Dazzling Spray        Conj/Hex       ##....       22%         3    ###....

Your spell library contained the following spells:

 Spells                   Type           Power        Failure   Level  Hunger
 Searing Ray              Conj           ###...       4%          2    ##.....
 Iskenderun's Mystic Bla  Conj           ###.....     26%         4    #####..
 Force Lance              Conj/Tloc      ##......     56%         4    #####..
 Fulminant Prism          Conj/Hex       ##........   56%         4    #####..


Dungeon Overview and Level Annotations

Branches:
Dungeon (3/15)

Altars:
Nemelex Xobeh
Ru


Innate Abilities, Weirdness & Mutations

Your plain brown scales are hard. (AC +5)
You cannot fit into any form of body armour.
You are cold-blooded and may be slowed by cold attacks.


Message History

Press: ? - help, Shift-Dir - straight line, f - orc priest
Aim: an orc priest, wielding a +0 falchion and wearing a +0 scale mail The magic dart hits the orc priest but does no damage.
The orc priest hits you with a +0 falchion!
Casting: Magic Dart (safe; 2% risk of failure)
Confirm with . or Enter, or press ? or * to list all spells.
Aiming: Magic Dart (safe; 2% risk of failure)
Press: ? - help, Shift-Dir - straight line, f/p - orc priest
Aim: an orc priest, wielding a +0 falchion and wearing a +0 scale mail The magic dart hits the orc priest but does no damage.
An orc comes into view.
The orc priest hits you with a +0 falchion.
The orc priest mumbles some strange prayers to Beogh against you.
Beogh smites you!
* * * LOW HITPOINT WARNING * * *
An orc comes into view.
The orc priest calls down the wrath of Beogh upon you.
Beogh smites you!
You die...
Your body disappears without a glow.

###########
#.@..or.o.#
########.#######o#
#........##### #
#.####.........
##### #.#
#....###...
#...###.##........
.
#.#............####
#...###.####...#
##.## #.# #...#


You could see an orc priest, 2 orcs and a quokka.

Vanquished Creatures
  An adder (D:2)
  An ooze (D:3)
  A worm (D:2)
  A dart slug (D:1)
  2 leopard geckos
  An orc (D:3)
  2 ball pythons (D:2)
  2 giant cockroaches
  4 goblins
  5 hobgoblins
  6 jackals
  5 kobolds
  A quokka (D:2)
  6 bats
  A frilled lizard (D:2)
  4 rats
43 creatures vanquished.

Notes
Turn   | Place    | Note
-------+----------+-------------------------------------------
     0 | D:1      | Matador8 the Draconian Conjurer began the quest for the
                  | Orb.
     0 | D:1      | Reached XP level 1. HP: 14/14 MP: 3/3
   188 | D:1      | Reached XP level 2. HP: 9/20 MP: 0/5
   747 | D:1      | You fall through a shaft!
   747 | D:2      | Found a sacrificial altar of Ru.
   819 | D:2      | Reached XP level 3. HP: 26/26 MP: 1/7
   857 | D:2      | Learned a level 3 spell: Dazzling Spray
  1626 | D:3      | Found a sparkling altar of Nemelex Xobeh.
  1633 | D:3      | Became a worshipper of Nemelex Xobeh the Trickster
  1670 | D:3      | Received a gift from Nemelex Xobeh
  1780 | D:3      | Reached XP level 4. HP: 33/33 MP: 3/8
  1793 | D:3      | Killed from afar by an orc priest

Skill      XL: |  1  2  3 |
---------------+----------+-----
Stealth        | 2 |  2.1
Spellcasting   | 3 |  3.0
Dodging        | |  1.7
Conjurations   | |  4.7
Invocations    | |  0.5

Action                   |  1- 3 |  4- 6 || total
-------------------------+-------+-------++-------
Melee: Unarmed           |    79 |     1 ||    80
       Tailslap          |     9 |     1 ||    10
 Cast: Magic Dart        |    98 |     3 ||   101
       Dazzling Spray    |     1 |       ||     1
 Stab: Sleeping          |     1 |       ||     1
  Eat: Chunk             |     4 |       ||     4
Armor: Skin              |    31 |       ||    31
Dodge: Dodged            |    83 |       ||    83
